Cogmind - Beta 11.1 @@@ ROGUE MODE // 2022.09.24 @ 09:29:32 Player: Benkyo Result: Destroyed by 99-TNT with 99-TNT's Nukerbomber Performance ------------- Evolutions (1) 500 Regions Visited (6) 1200 Robots Destroyed (94) 470 Value Destroyed (2228) 2228 Prototype IDs (47) 940 Alien Tech Used (0) 0 Bonus (-770) -770 TOTAL SCORE: 4568 Bonus ------- High Alert Combat Kills 90 Aligned with FarCom 300 Friendly Fire -1160 Cogmind --------- Core Integrity 0/400 Matter 293/300 Energy 310/310 System Corruption 0% Temperature Cool (0) Movement Treading (400) Ox3 Location -8/Mines Parts ------- > --- POWER (1) -------- Reinforced Fission Core > --- PROPULSION (2) --- Improved Treads > --- UTILITY (4) ------ Experimental Heat Sink High-capacity Storage Unit Experimental Targeting Computer Medium Armor Plating > --- WEAPON (2) ------- 8R-AWN's Boregun 8R-AWN's Boregun > --- INVENTORY (20) --- Cold Fusion Reactor Improved Treads Advanced Myomer Leg Advanced Myomer Leg Advanced Launcher Guidance Computer Improved Target Analyzer Experimental Core Analyzer Improved Armor Integrity Analyzer Advanced Weapon Cycler Medium Armor Plating System Purifier Bomb Drone Bay (16/16) AS-neutralizer No. 17b Gatling Laser Heavy Assault Rifle Improved Light Cannon YI-UF0's Doublenader Heavy Hammer Peak State ------------ > --- POWER ------------ Reinforced Fission Core > --- PROPULSION ------- Improved Treads Improved Treads > --- UTILITY ---------- Experimental Heat Sink High-capacity Storage Unit Experimental Targeting Computer Medium Armor Plating > --- WEAPON ----------- 8R-AWN's Boregun 8R-AWN's Boregun > --- INVENTORY -------- Cold Fusion Reactor Improved Treads Advanced Myomer Leg Advanced Myomer Leg Advanced Launcher Guidance Computer Improved Target Analyzer Experimental Core Analyzer Improved Armor Integrity Analyzer Advanced Weapon Cycler Medium Armor Plating System Purifier Bomb Drone Bay AS-neutralizer No. 17b Gatling Laser Heavy Assault Rifle Improved Light Cannon YI-UF0's Doublenader Heavy Hammer [Rating: 56] Favorites ----------- Power Cooled Ion Engine Engine Cooled Ion Engine Power Core Reinforced Fission Core Propulsion Improved Treads Treads Improved Treads Leg Potential Leg Utility Medium Armor Plating Device Advanced Heat Sink Storage High-capacity Storage Unit Processor Visual Processing Unit Protection Medium Armor Plating Weapon Improved Light Cannon Energy Gun Gatling Laser Energy Cannon Guided Plasma Cannon Ballistic Gun Autogun Ballistic Cannon Improved Light Cannon Launcher YI-UF0's Doublenader Special Weapon Remote Datajack Impact Weapon Heavy Hammer Build | -11 -10 -10 -9 -9 -9 -8 ------- Run | Scr Mat Min Mat Min Exi Min Slots Evolved 2 | . . . 2 . . . Power . | . . . . . . . Propulsion . | . . . . . . . Utility 2 | . . . 2 . . . Weapon . | . . . . . . . Parts Attached 66 | 7 7 6 18 5 20 3 Power 7 | 1 1 1 3 . 1 . Engine 6 | 1 1 1 3 . . . Core 1 | . . . . . 1 . Reactor . | . . . . . . . Propulsion 13 | 2 2 1 3 . 5 . Treads 11 | 2 2 1 3 . 3 . Leg 2 | . . . . . 2 . Wheel . | . . . . . . . Hover . | . . . . . . . Flight . | . . . . . . . Utility 24 | 2 3 1 7 3 7 1 Device 7 | 1 1 1 1 2 1 . Storage 5 | 1 1 . 2 . 1 . Processor 3 | . . . 1 . 1 1 Hackware . | . . . . . . . Protection 9 | . 1 . 3 1 4 . Artifact . | . . . . . . . Weapon 22 | 2 1 3 5 2 7 2 Energy Gun 2 | . . . . 1 1 . Energy Cannon 1 | . . . . . 1 . Ballistic Gun 12 | 2 1 1 2 . 4 2 Ballistic Cannon 3 | . . . 2 1 . . Launcher 2 | . . 2 . . . . Special Weapon 1 | . . . . . 1 . Impact Weapon 1 | . . . 1 . . . Slashing Weapon . | . . . . . . . Piercing Weapon . | . . . . . . . Special Melee Weapon . | . . . . . . . Unidentified Prototypes 2 | . . 1 . 1 . . Parts Lost 10 | . 2 2 1 . 4 1 Power 1 | . . 1 . . . . Propulsion 2 | . . 1 . . . 1 Utility 5 | . 1 . 1 . 3 . Weapon 2 | . 1 . . . 1 . Highest Loss Streak 3 | . 2 2 1 . 3 1 To Critical Strikes 2 | . . . . . 2 . Average Slot Usage (%) 99 | . 99 99 99 99 99 100 Engine 10 | . 14 14 11 11 6 . Core 1 | . . . . . 4 11 Treads 22 | . 27 28 21 22 21 22 Device 10 | . 6 13 11 10 9 11 Storage 11 | . 14 14 11 11 11 11 Processor 8 | . . . 11 11 11 11 Protection 9 | . 7 . 10 10 12 11 Energy Gun 2 | . . . . 7 4 . Ballistic Gun 14 | . 28 21 12 3 13 22 Ballistic Cannon 4 | . . . 8 11 1 . Naked Turns . | . . . . . . . Heaviest Build 81 | 14 28 33 63 64 81 80 Greatest Support 60 | 40 43 46 46 46 60 46 Greatest Overweight (x) 1 | . . . 1 1 1 1 Average Overweight (x) . | . . . . 1 1 1 Largest Inventory Capacity 20 | 8 15 15 20 20 20 20 Average Capacity 17 | 7 10 15 19 20 20 20 Most Carried 20 | 6 15 15 20 20 20 19 Average Carried 17 | 4 8 14 18 19 19 19 Final Capacity 20 | 8 15 15 20 20 20 20 Final Carried 20 | 6 15 15 20 20 20 19 Class Distribution -------------------- 94% | Mutant 5% | Scavenger-Mutant Dominant Class ---------------- Mutant | -10/Materials Mutant | -10/Mines Mutant | -9/Materials Mutant | -9/Mines Mutant | -9/Exiles Scavenger-Mutant | -8/Mines Resources | -11 -10 -10 -9 -9 -9 -8 ----------- Run | Scr Mat Min Mat Min Exi Min Matter Collected 3258 | 306 310 135 1119 126 1232 30 Remotely . | . . . . . . . Salvage Created 3338 | 112 783 358 1495 152 438 . Parts 239 | 5 51 10 90 5 78 . Haulers Intercepted 6 | . . . 6 . . . Recyclers Shooed . | . . . . . . . Parts Field Recycled . | . . . . . . . Retrieved Matter . | . . . . . . . Parts Self-Destructed . | . . . . . . . Prevented . | . . . . . . . Kills | -11 -10 -10 -9 -9 -9 -8 ------- Run | Scr Mat Min Mat Min Exi Min Combat Hostiles Destroyed 62 | . 18 2 35 6 1 . Guns 36 | . 18 . 14 3 1 . Cannons 20 | . . . 17 3 . . AOE 4 | . . . 4 . . . Classes Destroyed 12 | 2 3 . 5 . 2 . Builder 1 | . . . 1 . . . Tunneler 1 | 1 . . . . . . Hauler 6 | . . . 6 . . . Recycler 4 | 1 . 2 1 . . . Operator 1 | . . . 1 . . . Turret 1 | . . . . . 1 . Watcher 7 | . 3 . 4 . . . Swarmer 13 | . 2 . 9 2 . . Grunt 38 | . 16 2 16 4 . . Brawler 1 | . . . 1 . . . Sentry 9 | . . . 9 . . . Zionite 8 | . . . . . 8 . Best Kill Streak 6 | 2 3 2 6 2 2 . Combat Bots Only 6 | . 3 2 6 2 1 . Max Kills in Single Turn 2 | 1 1 1 2 1 1 . Gunslinging . | . . . . . . . Exploded 2 | . . . 2 . . . Melee . | . . . . . . . Uniques/NPCs Destroyed 5 | . . 1 . . 4 . YI-UF0 (-10/Mines) 8R-AWN (-9/Exiles) EX-DEC (-9/Exiles) EX-BIN (-9/Exiles) EX-HEX (-9/Exiles) Combat | -11 -10 -10 -9 -9 -9 -8 -------- Run | Scr Mat Min Mat Min Exi Min Damage Taken 3565 | . 809 271 958 81 1226 220 Core 667 | . 169 35 158 . 156 149 Absorbed by Shields . | . . . . . . . Regen/Repaired (Parts) 332 | . 127 . 205 . . . Core Remaining (%) 59 | 100 . 18 . . . . Volleys Fired 399 | 9 71 40 131 15 132 1 Largest 2 | 2 2 2 2 2 2 2 Hottest 120 | 40 40 40 70 119 120 60 Shots Fired 749 | 18 142 70 245 26 246 2 Gun 617 | 18 142 65 147 11 232 2 Cannon 117 | . . . 95 15 7 . Launcher 8 | . . 5 3 . . . Special 7 | . . . . . 7 . Kinetic 720 | 18 142 65 242 19 232 2 Thermal 14 | . . . . 7 7 . Explosive 3 | . . . 3 . . . Electromagnetic 5 | . . 5 . . . . Robot Hit Streak 15 | 4 14 7 15 10 12 6 Robot Miss Streak 7 | 2 5 3 7 2 5 . Penetration Max . | . . . . . . . Secondary Targets 1 | . 1 . . . . . Max Gunslinging Chain 1 | . 1 . . . . . Shots Hit Robots 488 | 10 99 43 158 20 156 2 Core Hits 174 | 4 43 15 67 10 35 . Critical Kills . | . . . . . . . Critical Parts Destroyed 1 | . . . 1 . . . Critical Strikes 12 | . . . 7 1 3 1 Destroy 5 | . . . 1 . 3 1 Blast 7 | . . . 6 1 . . Melee Attacks 1 | . . . 1 . . . Impact 1 | . . . 1 . . . Slashing . | . . . . . . . Piercing . | . . . . . . . Sneak Attacks . | . . . . . . . Combat Hostiles . | . . . . . . . Follow-up Attacks . | . . . . . . . Damage Inflicted 7635 | 118 1038 557 2962 406 2532 22 Guns 5463 | 118 1038 341 1494 180 2270 22 Cannons 1721 | . . . 1233 226 262 . Explosions 451 | . . 216 235 . . . Melee . | . . . . . . . Ramming . | . . . . . . . Kinetic 6784 | 118 1038 341 2727 268 2270 22 Thermal 400 | . . . . 138 262 . Explosive 235 | . . . 235 . . . Electromagnetic 216 | . . 216 . . . . Impact . | . . . . . . . Slashing . | . . . . . . . Piercing . | . . . . . . . Highest Corruption . | . . . . . . . Average Corruption . | . . . . . . . Corruption Purged . | . . . . . . . Corruption Blocked . | . . . . . . . Overload Shots . | . . . . . . . Overflow Damage 46 | . . . 46 . . . Projectiles 9 | . . . 9 . . . Explosions 37 | . . . 37 . . . Melee . | . . . . . . . Knockbacks 8 | . . . 7 1 . . Impact . | . . . . . . . Kinetic 6 | . . . 5 1 . . Secondary 2 | . . . 2 . . . Self-Inflicted Damage 12 | . . . 12 . . . Shots 1 | . . . 1 . . . Rammed . | . . . . . . . Targets Rammed . | . . . . . . . Kicked . | . . . . . . . Crushed . | . . . . . . . Highest Temperature 400 | . 37 34 20 6 400 . Average Temperature 47 | . 11 11 8 3 94 . Received Heat Transfer 954 | . 426 150 354 24 . . Effects 1 | . . . . . 1 . Matter Decay 1 | . . . . . 1 . Siege Activations . | . . . . . . . Robots Corrupted 2 | . . 2 . . . . Combat Hostiles 2 | . . 2 . . . . Parts Fried 4 | . . 4 . . . . Impact Corruptions . | . . . . . . . Robots Melted . | . . . . . . . Combat Hostiles . | . . . . . . . Parts Melted . | . . . . . . . Heat Transferred 860 | . . . . 300 560 . Parts Sabotaged . | . . . . . . . Parts Stolen . | . . . . . . . Parts Stripped . | . . . . . . . Power Chain Reactions . | . . . . . . . Missiles Intercepted . | . . . . . . . Alert | -11 -10 -10 -9 -9 -9 -8 ------- Run | Scr Mat Min Mat Min Exi Min Peak Influence 736 | 10 281 143 736 329 . 1 Initial 276 | . 6 68 3 276 . . Average 212 | 5 169 51 301 163 . . Maximum Alert Level 3 | . 1 . 3 1 . . Low Security (%) 56 | 100 62 100 38 63 . 100 Level 1 31 | . 37 . 34 36 . . Level 2 6 | . . . 14 . . . Level 3 5 | . . . 12 . . . Level 4 . | . . . . . . . Level 5 . | . . . . . . . High Security . | . . . . . . . Max Security . | . . . . . . . Squads Dispatched 11 | . 5 . 5 1 . . Investigation 6 | . 3 . 2 1 . . Extermination . | . . . . . . . Reinforcement 5 | . 2 . 3 . . . Assault . | . . . . . . . Garrison . | . . . . . . . Intercept . | . . . . . . . Searches Triggered . | . . . . . . . Construction Impeded . | . . . . . . . Haulers Reinforced . | . . . . . . . Active Scanning Responses . | . . . . . . . Cargo Convoy Interrupts . | . . . . . . . Stealth | -11 -10 -10 -9 -9 -9 -8 --------- Run | Scr Mat Min Mat Min Exi Min Distress Signals 2 | . . . 2 . . . Communications Jammed . | . . . . . . . Distress Signals . | . . . . . . . Times Spotted 174 | . 29 2 54 7 81 1 Peak Tracking Total 9 | . 3 2 5 3 9 1 Tactical Retreats 12 | . . . 4 . 8 . Traps | -11 -10 -10 -9 -9 -9 -8 ------- Run | Scr Mat Min Mat Min Exi Min Traps Triggered 1 | . 1 . . . . . Indirectly . | . . . . . . . Trap Hack Attempts . | . . . . . . . Triggered . | . . . . . . . Disarmed . | . . . . . . . Reprogrammed . | . . . . . . . Reused . | . . . . . . . Traps Extracted . | . . . . . . . Installed . | . . . . . . . Triggered . | . . . . . . . Exploded 3 | . . . . . 3 . Machines | -11 -10 -10 -9 -9 -9 -8 ---------- Run | Scr Mat Min Mat Min Exi Min Machines Disabled 11 | . . 3 1 . 7 . Max in Single Turn 2 | . . 2 1 . 2 . Machines Sabotaged . | . . . . . . . Garrisons Compromised . | . . . . . . . Overloaded Fab Kills . | . . . . . . . Hacking | -11 -10 -10 -9 -9 -9 -8 --------- Run | Scr Mat Min Mat Min Exi Min Machines Accessed 25 | . 9 . 12 2 2 . Terminals 13 | . 6 . 7 . . . Fabricators . | . . . . . . . Repair Stations 3 | . 1 . 2 . . . Recycling Units 4 | . 2 . 2 . . . Scanalyzers 1 | . . . 1 . . . Garrison Access . | . . . . . . . Total Hacks 75 | . 35 . 36 2 2 . Successful 54 | . 20 . 30 2 2 . Failed 21 | . 15 . 6 . . . Catastrophic 1 | . 1 . . . . . Database Lockouts . | . . . . . . . Manual 35 | . 17 . 17 . 1 . Terminals 52 | . 26 . 26 . . . Fabricators . | . . . . . . . Repair Stations 8 | . 4 . 4 . . . Recycling Units 9 | . 5 . 4 . . . Scanalyzers 2 | . . . 2 . . . Garrison Access . | . . . . . . . Terminal Hacks 30 | . 9 . 17 2 2 . Record 1 | . . . . . 1 . Part Schematic 1 | . 1 . . . . . Robot Analysis 7 | . 1 . 6 . . . Prototype ID Bank 6 | . 2 . 4 . . . Open Door 2 | . . . . 2 . . Branch Access Points 1 | . . . 1 . . . Terminal Index 2 | . 1 . 1 . . . Locate Traps 3 | . 1 . 2 . . . Hauler Manifests 2 | . 2 . . . . . Zone Layout 4 | . 1 . 3 . . . EX-Prototype ID Bank 1 | . . . . . 1 . Fabricator Hacks . | . . . . . . . Repair Station Hacks 6 | . 2 . 4 . . . Scan Component 3 | . 1 . 2 . . . Repair 3 | . 1 . 2 . . . Recycling Unit Hacks 3 | . 2 . 1 . . . Retrieve Components 3 | . 2 . 1 . . . Scanalyzer 2 | . . . 2 . . . Insert Component 1 | . . . 1 . . . Analyze 1 | . . . 1 . . . Garrison Access Hacks . | . . . . . . . Unauthorized Hacks 13 | . 7 . 6 . . . Terminals 9 | . 5 . 4 . . . Assimilate 1 | . 1 . . . . . Botnet 4 | . 2 . 2 . . . Disrupt 2 | . 1 . 1 . . . Operators 2 | . 1 . 1 . . . Fabricators . | . . . . . . . Repair Stations . | . . . . . . . Recycling Units 4 | . 2 . 2 . . . Tunnel 4 | . 2 . 2 . . . Scanalyzers . | . . . . . . . Garrison Access . | . . . . . . . Data Cores Recovered . | . . . . . . . Used . | . . . . . . . Hacking Detections 17 | . 7 . 10 . . . Full Trace Events 1 | . 1 . . . . . Feedback Events . | . . . . . . . Feedback Blocked . | . . . . . . . Robot Schematics Acquired . | . . . . . . . Robots Built . | . . . . . . . Authchips . | . . . . . . . Time . | . . . . . . . Total Robot Build Rating . | . . . . . . . Part Schematics Acquired 2 | . 1 . 1 . . . Parts Built . | . . . . . . . Authchips . | . . . . . . . Time . | . . . . . . . Total Part Build Rating . | . . . . . . . Parts Repaired 3 | . 1 . 2 . . . Time 80 | . 16 . 64 . . . Parts Recycled . | . . . . . . . Recycled Matter . | . . . . . . . Retrieved Matter . | . . . . . . . Retrieved Components 21 | . 11 . 10 . . . Parts Scanalyzed 1 | . . . 1 . . . Part Schematics Acquired 1 | . . . 1 . . . Parts Damaged . | . . . . . . . Bothacking | -11 -10 -10 -9 -9 -9 -8 ------------ Run | Scr Mat Min Mat Min Exi Min Used RIF Installer . | . . . . . . . Robots Hacked 4 | . . . . . 4 . Non-combat 3 | . . . . . 3 . Combat 1 | . . . . . 1 . Robot Hacks Applied 4 | . . . . . 4 . parse_system 4 | . . . . . 4 . Relay Couplers Released . | . . . . . . . Fabnet Peak Effective % . | . . . . . . . Robots Rewired . | . . . . . . . Allies Hacked . | . . . . . . . Hacks Repelled . | . . . . . . . Allies | -11 -10 -10 -9 -9 -9 -8 -------- Run | Scr Mat Min Mat Min Exi Min Total Allies 4 | . 1 . . 3 . . Largest Group 3 | . 1 1 1 3 3 . Highest-Rated Group 40 | . 10 10 10 40 40 . Highest-Rated Ally 16 | . 10 10 10 16 16 . Total Orders 3 | . . . . . 3 . STAY 3 | . . . . . 3 . Ally Attacks 12 | . . . . . 12 . Total Damage 71 | . . . . . 71 . Kills 3 | . . . . . 3 . Allies Corrupted . | . . . . . . . Allies Melted . | . . . . . . . Intel | -11 -10 -10 -9 -9 -9 -8 ------- Run | Scr Mat Min Mat Min Exi Min Robot Analysis Total 7 | . 1 . 6 . . . Derelict Logs Recovered 4 | . . 2 . 2 . . Drone Launches . | . . . . . . . Drone Recoveries . | . . . . . . . Exploration | -11 -10 -10 -9 -9 -9 -8 ------------- Run | Scr Mat Min Mat Min Exi Min Turns Passed 10378 | 138 1431 708 3252 1434 3356 59 Spaces Moved 4046 | 77 686 370 1181 571 1147 14 Core 24 | 24 . . . . . . Treads 3959 | 53 686 370 1181 571 1084 14 Legs 63 | . . . . . 63 . Wheels . | . . . . . . . Hover . | . . . . . . . Flight . | . . . . . . . Fastest Speed 50 | 50 160 160 160 240 170 240 Average Speed 211 | 125 160 160 224 240 236 240 Slowest Speed 240 | 160 160 160 240 240 240 240 Overloaded Moves . | . . . . . . . Propulsion Burnouts . | . . . . . . . Robots Hopped . | . . . . . . . Cave-ins Triggered . | . . . . . . . Exploration Rate (%) 70 | 6 98 98 97 98 90 5 Regions Visited 6 Branch Regions 4 Pre-discovered Areas 6 | . 2 . 2 1 1 . Known Exits Taken 1 | . . . 1 . . . Unknown Exits Taken 5 | 1 1 1 . 1 1 . Scrap Searched 5 | . . 1 . 3 . 1 Spaces Dug . | . . . . . . . Terrain Destroyed 36 | . . . 34 1 . 1 Melee . | . . . . . . . Projectile 10 | . . . 8 1 . 1 AOE 26 | . . . 26 . . . Terrain Rammed . | . . . . . . . Walls Destroyed . | . . . . . . . Machines Disabled . | . . . . . . . Actions | -11 -10 -10 -9 -9 -9 -8 --------- Run | Scr Mat Min Mat Min Exi Min Total 5213 | 100 898 428 1574 610 1567 36 Wait 558 | . 109 8 199 10 214 18 Move 4040 | 76 685 369 1180 570 1146 14 Hop . | . . . . . . . Pick Up 82 | 8 17 3 23 2 29 . Fast Attach 15 | 5 1 1 3 4 1 . Attach 13 | 2 2 2 3 . 4 . Detach 2 | . . . 1 1 . . Swap 38 | . 4 3 12 1 15 3 Drop 65 | . 9 2 21 7 26 . Fire 399 | 9 71 40 131 15 132 1 Melee 1 | . . . 1 . . . Ram . | . . . . . . . Kick . | . . . . . . . Crush . | . . . . . . . Escape Stasis . | . . . . . . . Rewire . | . . . . . . . Trap . | . . . . . . . Miscellaneous . | . . . . . . . Route ------- -11/Scrapyard -10/Materials (discovered 5 exits: *Mat x3 / [*Min x2]) -10/Mines (discovered 2 exits: *Mat x2) -9/Materials (discovered 5 exits: [*Mat x3] / *Min / *Sto) -9/Mines (discovered 4 exits: [*Mat x2] / *Exi / [*Zio]) -9/Exiles -8/Mines History --------- Turn | Location | Event 13 | -11/Scrapyard | Discovered new exit (range 14) 139 | -11/Scrapyard | Entered Materials 316 | -10/Materials | Build established: Mutant 416 | -10/Materials | Discovered new exit (range 4) 464 | -10/Materials | Discovered new exit (range 16) 698 | -10/Materials | Discovered new exit (range 10) 1114 | -10/Materials | Core integrity fell below 50% 1239 | -10/Materials | Discovered new exit (range 16) 1298 | -10/Materials | Repaired Imp. Treads 1350 | -10/Materials | Discovered new exit (range 7) 1570 | -10/Materials | Entered Mines 1570 | -10/Mines | Accompanied by 1 ally 1830 | -10/Mines | Discovered new exit (range 10) 1860 | -10/Mines | Core integrity fell below 20% 2073 | -10/Mines | YI-UF0 nonchalantly dropped a Grenade Launcher on the ground 2103 | -10/Mines | Destroyed YI-UF0 2150 | -10/Mines | Found Prototype Launcher 2152 | -10/Mines | Identified YI-UF0's Doublenader 2196 | -10/Mines | Discovered new exit (range 13) 2278 | -10/Mines | Entered Materials 2278 | -9/Materials | Accompanied by 1 ally 2278 | -9/Materials | Evolved 2 slots: Utility x2 2279 | -9/Materials | Identified exit to Storage 2507 | -9/Materials | Repaired Imp. Treads 2841 | -9/Materials | Build established: Scavenger-Mutant 2950 | -9/Materials | Identified exit to Mines 3001 | -9/Materials | Discovered new exit (range 7) 3267 | -9/Materials | Build established: Mutant 3459 | -9/Materials | Discovered new exit (range 10) 4165 | -9/Materials | Discovered new exit (range 4) 5199 | -9/Materials | Repaired Imp. Treads 5530 | -9/Materials | Entered Mines 5590 | -9/Mines | Learned Materials trap positions 5592 | -9/Mines | Learned Materials security intel 5597 | -9/Mines | Discovered new exit (range 12) 5799 | -9/Mines | Learned location of Storage (-9) 5917 | -9/Mines | Met a Derelict shopkeep closing up shop 6033 | -9/Mines | Deemed a non-threat by the Exiles lab entrance 6033 | -9/Mines | Discovered new exit (range 5) 6142 | -9/Mines | A Derelict revealed a hidden shortcut to a safe place 6375 | -9/Mines | Discovered new exit (range 11) 6441 | -9/Mines | Found the Drone Emporium 6453 | -9/Mines | Found Prototype Device 6453 | -9/Mines | Identified Bomb Drone Bay 6845 | -9/Mines | Assisted by bots powering up and referring to "LRC-V3" 6964 | -9/Mines | Entered Exiles 6964 | -9/Exiles | Accompanied by 3 allies 7030 | -9/Exiles | Met 8R-AWN 7066 | -9/Exiles | Met EX-HEX 7162 | -9/Exiles | Met EX-DEC 7174 | -9/Exiles | Learned location of Zion (-7) 7392 | -9/Exiles | Discovered new exit (range 15) 7599 | -9/Exiles | Visited The Gauntlet 8014 | -9/Exiles | Met EX-BIN 8162 | -9/Exiles | Aligned with FarCom system 8165 | -9/Exiles | Given EX-Vault access code 8220 | -9/Exiles | Opened EX-Vault 8236 | -9/Exiles | Found Potential Leg 8239 | -9/Exiles | Found Potential Leg 8243 | -9/Exiles | Found Gui. Plasma Cannon 8292 | -9/Exiles | Warned to stay clear of 0b10 Research branches 8691 | -9/Exiles | Attacked by the Exiles 8817 | -9/Exiles | Core integrity fell below 50% 8951 | -9/Exiles | Lost 3 parts (2u1w) 8960 | -9/Exiles | Destroyed 8R-AWN 8972 | -9/Exiles | Found 8R-AWN's Boregun 8979 | -9/Exiles | Found AS-neutralizer No. 17b 8989 | -9/Exiles | Found 8R-AWN's Boregun 8993 | -9/Exiles | Found Exp. Targeting Computer 9766 | -9/Exiles | Destroyed EX-DEC 9930 | -9/Exiles | Destroyed EX-BIN 9939 | -9/Exiles | Destroyed EX-HEX 9990 | -9/Exiles | Found System Purifier 10002 | -9/Exiles | Found Exp. Core Analyzer 10320 | -9/Exiles | Entered Mines 10377 | -8/Mines | 99-TNT came to Exiles' defense 10379 | -8/Mines | Destroyed by 99-TNT with 99-TNT's Nukerbomber Last Messages --------------- 10021_ Acquired Imp. Target Analyzer. 10027_ Dropped Hcp. Matter Pod. 10029_ Acquired Imp. Armor Integrity Analyzer. 10160_ Dropped Hcp. Storage Unit. 10169_ Extracted 36 matter. A strange signal echoes through the mines. LOCATION=UNKNOWN GOAL=ESCAPE 10320_ Discarded Imp. Salvage Targeting Computer. 10349_ Searching scrap... 10349_ Found Imp. Light Armor Plating. 10349_ Found 40 Matter. 10350_ Acquired 30 matter. 10377_ 99-TNT: "I came as fast as I could... Wait, it was you!" 10377_ HV Slug penetrates 99-TNT. 10377_ 99-TNT suffers critical hit (Destroy). 10377_ HV Slug penetrates Wall. 10377_ HV Slug penetrates 99-TNT. 10377_ HV Slug penetrates Wall. 10379_ Imp. Treads destroyed. Map ----- +----------------------------------------------------+ | | | | | | | | | | | | | | | | | | | | | | | | | | | | | | | ?????????????????????????????????? | | ?????????????????????????????????? | | ?????####????????????????????????? | | ????## ######???????????????????? | | ???## #???????????????????? | | ???# ## #???????????????????? | | ???# ## #???????????????????? | | ???# """ ;# !#???????????????????? | | ???# """ % #???????????????????? | | ???# """ d# #???????????????????? | | ???# @# #???????????????????? | | ???## ## ??????????????????? | | ????## ### ###?????????????????? | | ?????####?# #???????????????????? | | ??????????# #???????????????????? | | ??????????# #???????????????????? | | ??????????# #???????????????????? | | ??????????? ???????????????????? | | ??????????? ???????????????????? | | ??????????? ???????????????????? | | ??????????? ???????????????????? | | ???????????###???????????????????? | | ?????????????????????????????????? | | ?????????????????????????????????? | | ?????????????????????????????????? | | ?????????????????????????????????? | | ?????????????????????????????????? | | ?????????????????????????????????? | | ?????????????????????????????????? | | ?????????????????????????????????? | | ?????????????????????????????????? | | ?????????????????????????????????? | | ?????????????????????????????????? | | ?????????????????????????????????? | | ?????????????????????????????????? | +----------------------------------------------------+ Best States ------------- Heat Dissipation 54 Energy Generation 19 Energy Capacity 310 Matter Stores 300 Matter Capacity 300 Sight Range 18 Terrain Scan Density 10 Armor Coverage 450 Evasion (%) 50 Targeting Accuracy 12 Recoil Reduction 2 Salvage Targeting 2 Item Schematics ----------------- Huge Storage Unit | -10/Materials | Hacked Hcp. Storage Unit | -9/Materials | Scanalyzed Robot Schematics ------------------ None Fabricated ------------ Nothing Alien Tech Used ----------------- None Achievements -------------- None Challenges ------------ None Game ------ Seed FrostStormRecalibrator Manual? 0 Play Time 01:12:21 Cumulative 357.3 hours Start 2022.09.24 @ 07:42:43 End 2022.09.24 @ 09:29:32 Sessions 5 Manual Loads 0 Difficulty Rogue Special Mode None Game No. 61 Rogue 54 Adventurer 1 Explorer 6 Win Type - Total 25 Types 7/3/8/1/1/1/2/1/1 Lore% 90 Gallery% 91 Achievement% 78 Wizard Run 0 Options --------- ASCII 0 Keyboard 0 Movement Mouse Keybinds 0 Fullscreen 1 Font 18/SmallcapsGlow Map View 76x50 Tactical HUD 1 Map Filters NONE Filters NONE Steam 1 RUN: 476573e3-f902-42ee-9c80-a3af5381d07e